 Dungeon Crawl Stone Soup version 0.28.0 (webtiles) character file.

Game seed: 4640262962285314712

632 blackman the Cleaver (level 7, -3/52 HPs)
             Began as a Human Monk on Feb 6, 2022.
             Was a Priest of Okawaru.
             Slain by a river rat (7 damage)
             ... summoned by Eustachio
             ... on level 4 of the Dungeon.
             The game lasted 00:13:28 (6338 turns).

blackman the Cleaver (Human Monk)                   Turns: 6338, Time: 00:13:29

Health: -3/52      AC: 10    Str: 14      XL:     7   Next: 78%
Magic:  6/7        EV:  3    Int: 10      God:    Okawaru [***...]
Gold:   192        SH:  3    Dex: 13 (15) Spells: 6/6 levels left

rFire   . . .      SeeInvis .   a - +0 hand axe
rCold   . . .      Faith    .   i - +0 buckler
rNeg    . . .      Spirit   .   r - +0 plate armour
rPois   .          Reflect  .   d - +0 hat {Will+}
rElec   .          Harm     .   (no cloak)
rCorr   .          Rampage  .   (no gloves)
Will    +....                   (no boots)
Stlth   ..........              (no amulet)
HPRegen 0.17/turn               (no ring)
MPRegen 0.10/turn               (no ring)

@: no status effects
A: no striking features
a: Renounce Religion, Heroism


You were on level 4 of the Dungeon.
You worshipped Okawaru.
Okawaru was most pleased with you.
You visited 1 branch of the dungeon, and saw 4 of its levels.

You collected 192 gold pieces.

Inventory:

Hand Weapons
 a - a +0 hand axe (weapon)
 n - a +1 dagger of venom
Armour
 b - a +0 robe
 d - a +0 hat of willpower (worn)
 i - a +0 buckler (worn)
 k - a +0 ring mail
 r - a +0 plate armour (worn)
Jewellery
 m - a ring of magical power
Scrolls
 e - a scroll of fear {unknown}
 f - a scroll of holy word {unknown}
 j - 3 scrolls of teleportation {unknown}
 o - a scroll of immolation {unknown}
 q - a scroll of acquirement {unknown}
 t - a scroll of identify {unknown}
 w - a scroll of magic mapping {unknown}
 x - a scroll of enchant weapon {unknown}
 y - a scroll of amnesia {unknown}
Potions
 c - a potion of curing {unknown}
 g - 2 potions of lignification
 h - 3 potions of heal wounds {unknown}
 l - 2 potions of flight
 p - a potion of invisibility {unknown}
 s - a potion of brilliance
 u - 3 potions of might {unknown}
 v - a potion of resistance {unknown}


   Skills:
 - Level 3.0 Fighting
 * Level 8.4 Axes
 - Level 3.0 Dodging
 - Level 2.0 Stealth
 - Level 0.5 Invocations


You had 6 spell levels left.
You didn't know any spells.
Your spell library contained the following spells:

 Spells                   Type           Power      Damage    Failure   Level
 Beastly Appendage        Tmut           0%         N/A       100%        1
 Wereblood                Tmut           0%         N/A       100%        2
 Spider Form              Tmut/Pois      0%         N/A       100%        3


Dungeon Overview and Level Annotations

Branches:
Dungeon (4/15)
 Temple: D:4-7

Altars:
Ashenzari
Gozag
Nemelex Xobeh
Okawaru
Ru
Yredelemnul

Shops:
D:1 :

Annotations:
D:3 2 transporters
D:4 Eustachio


Message History

You feel clumsy.
Eustachio screams, "At last I'll have my revenge!"
You hit Eustachio.
Eustachio is severely wounded.
You miss the quasit. You hit the river rat but do no damage.
The river rat barely misses you. The quasit completely misses you.
The quasit claws you but does no damage. x2
Eustachio gestures wildly while chanting.
You hit Eustachio but do no damage.
Eustachio is severely wounded.
You hit the river rat but do no damage. You hit the quokka.
You miss the quasit.
The quasit bites you but does no damage.
The quasit claws you but does no damage. x2
The river rat bites you.
Eustachio hits you with a +2 falchion of holy wrath!
* * * LOW HITPOINT WARNING * * *
The quokka bites you but does no damage.
You hit Eustachio.
Eustachio is almost dead.
You hit the river rat but do no damage. You closely miss the quokka.
You hit the quasit but do no damage. You closely miss the bat.
The bat hits you but does no damage. x2; The quasit bites you.
* * * LOW HITPOINT WARNING * * *
You feel clumsy.
The quasit claws you but does no damage.
The quasit claws you.
* * * LOW HITPOINT WARNING * * *
The river rat bites you but does no damage.
The quokka bites you but does no damage.
Eustachio hits you with a +2 falchion of holy wrath.
* * * LOW HITPOINT WARNING * * *
You hit Eustachio.
Eustachio is almost dead.
You barely miss the quokka. You miss the quasit. You closely miss the quokka.
You barely miss the river rat.
The quasit bites you but does no damage.
The quasit claws you but does no damage. x2
The river rat bites you!
You die...

#########.# #
#.# ### #.# #.##
##.# #..## #..#
##..###..###
##..#.....## #
#...r5r...# #
###...r@@b..# #
####.....####..#
## #
###....###..#
#..# #. #
###..#.###
##.####.# ##. #
#.....##
#...###.# ##.#
###...#
#.###..#.# ##.##
##..# ## ###.##
#..# #.## #.#
##..# ### #.#
#.#.#


You could see Eustachio, a quasit (summoned), a river rat (summoned), 2 quokkas
and a bat (summoned).

Vanquished Creatures
  Sigmund (D:3)
  A centaur (D:4)
  A phantom (D:4)
  A scorpion (D:4)
  A water moccasin skeleton (D:4)
  A howler monkey (D:2)
  Robin (D:2)
  5 adders
  A gnoll (D:2)
  An adder skeleton (D:4)
  2 worms
  3 dart slugs
  An orc (D:4)
  8 ball pythons
  6 bats
  6 endoplasms
  4 giant cockroaches
  13 goblins
  9 hobgoblins
  10 jackals
  9 kobolds
  2 quokkas
  3 frilled lizards
  7 rats
97 creatures vanquished.

Vanquished Creatures (others)
  6 plants (D:3)
6 creatures vanquished.

Grand Total: 103 creatures vanquished

Notes
Turn   | Place    | Note
-------+----------+-------------------------------------------
     0 | D:1      | blackman the Human Monk began the quest for the Orb.
     0 | D:1      | Reached XP level 1. HP: 18/18 MP: 1/1
    83 | D:1      | Found Ekhlisis's Book Boutique.
    92 | D:1      | Reached XP level 2. HP: 14/24 MP: 2/2
   573 | D:1      | Reached skill level 4 in Axes
   573 | D:1      | Reached XP level 3. HP: 25/29 MP: 3/3
   842 | D:1      | Found a faded altar of an unknown god.
   921 | D:1      | Prayed at the altar of an unknown god.
   921 | D:1      | Became a worshipper of Warmaster Okawaru
   921 | D:1      | Reached * piety under Okawaru
   921 | D:1      | Reached ** piety under Okawaru
  1629 | D:2      | Reached skill level 5 in Axes
  1629 | D:2      | Reached XP level 4. HP: 22/35 MP: 1/4
  1915 | D:2      | Reached XP level 5. HP: 41/41 MP: 5/5
  1940 | D:2      | Noticed Robin
  1967 | D:2      | Killed Robin
  1967 | D:2      | Reached *** piety under Okawaru
  3007 | D:3      | Reached skill level 6 in Axes
  3107 | D:3      | Found a transporter.
  3107 | D:3      | Found a transporter.
  3265 | D:3      | Found an opulent altar of Gozag.
  3268 | D:3      | Found a sparkling altar of Nemelex Xobeh.
  3271 | D:3      | Found a sacrificial altar of Ru.
  3274 | D:3      | Found a basalt altar of Yredelemnul.
  3521 | D:3      | Noticed Sigmund
  3536 | D:3      | Killed Sigmund
  3537 | D:3      | Reached skill level 7 in Axes
  3537 | D:3      | Reached XP level 6. HP: 35/47 MP: 4/6
  3642 | D:3      | Found a broken altar of Ashenzari.
  3926 | D:4      | Reached XP level 7. HP: 31/52 MP: 7/7
  4618 | D:4      | Reached **** piety under Okawaru
  4619 | D:4      | Reached skill level 8 in Axes
  5050 | D:4      | Noticed Eustachio
  6338 | D:4      | Slain by a river rat

Illustrated notes

Levels and vault maps discovered:
D:1:      evilmike_arrival_hilbert_curve, layout_basic, serial_shops,
          nicolae_shop_statue_plus, hellmonk_ecumenical_altar_leap_of_faith
D:2:      minmay_razor_zed, layout_basic, minmay_circle_x, uniq_robin
D:3:      layout_rooms, evilmike_ruin_ashenzari,
          grunt_temple_overflow_cloverleaf, gammafunk_ghost_gnarly_gnolls,
          uniq_sigmund
D:4:      layout_layer_cave, uniq_eustachio

Skill      XL: |  1  2  3  4  5  6  7 |
---------------+----------------------+-----
Axes           | 4 5 7 8 |  8.4
Fighting       | |  3.0
Dodging        | |  3.0
Stealth        | |  2.0
Invocations    | |  0.5

Action                   |  1- 3 |  4- 6 |  7- 9 || total
-------------------------+-------+-------+-------++-------
Melee: Hand axe          |    83 |   186 |   134 ||   403
       Dagger            |       |    10 |       ||    10
Invok: Heroism           |     1 |     2 |     3 ||     6
  Use: Potion            |       |     2 |     1 ||     3
 Stab: Distracted        |     1 |       |       ||     1
       Sleeping          |     1 |     1 |       ||     2
Armor: Robe              |     4 |       |       ||     4
       Ring mail         |    15 |    26 |       ||    41
       Plate armour      |       |    42 |   197 ||   239
       Skin              |       |    13 |       ||    13
Dodge: Dodged            |    68 |    68 |    37 ||   173
Block: Buckler           |     9 |    41 |    45 ||    95
